[Event "*** Titled Tuesday 3|2 Blitz (Late)"]
[Site "Chess.com"]
[Date "2017.01.03"]
[Round "3"]
[White "SwiftyMcBishop"]
[Black "Ilja_Semjonovs"]
[Result "0-1"]
[WhiteElo "2111"]
[BlackElo "2207"]
[TimeControl "180+2"]
[EndTime "17:34:28 PST"]
[Termination "Ilja_Semjonovs won by resignation"]

1. e4 c5 2. Nf3 d6 3. c3 Nf6 4. h3 e5 5. Bd3 b6 6. Bc2 Bb7 7. Qe2 Be7 8. O-O O-O 9. d4 cxd4 10. cxd4 Nbd7 11. Nc3 a6 12. Rd1 Qe8 13. Bg5 h6 14. Bh4 b5 15. Bg3 Nh5 16. Bh2 f6 17.
dxe5 fxe5 18. Nxe5 Nxe5 19. Bxe5 dxe5 20. Bb3+ Kh8 21.
Kh2 Bc5 22. f3 Qg6 23. Qe1 Nf4 24. Qf1 Rad8 25. Rac1 Rxd1 26. Rxd1 Bd4 27. Ne2 Nxe2 28. Qxe2 Qf6 29. Rf1 Rc8 30. Rd1 Rf8 31. a4 Bc6 32. axb5 Bxb5 33. Qc2 Qf4+ 34. Kh1 Qg3 35. Ba4 Be3 36. Bxb5 axb5 37. Qe2 Bf4 38. Kg1 Qh2+ 39. Kf1 Bg3 40. Qe3 Qh1+ 41. Qg1 Rxf3+ 42. Ke2 Qxg1 43.
Rxg1 Rf2+ 44. Ke3 Rxb2 45. Rf1 Rxg2 46. Kf3 Rf2+ 47. Rxf2 Bxf2 48. Kxf2 g5 49. Ke2 h5 50. Kd3 g4 51. hxg4 hxg4 52. Kc3 g3 53. Kb4 g2 54. Kxb5 g1=Q 55. Kc6 Qd4 56. Kb5 Qxe4 0-1

[Event "*** Titled Tuesday 3|2 Blitz (Late)"]
[Site "Chess.com"]
[Date "2017.01.03"]
[Round "3"]
[White "Cruel_Yaro"]
[Black "gmcorrales"]
[Result "1-0"]
[WhiteElo "2595"]
[BlackElo "2533"]
[TimeControl "180+2"]
[EndTime "17:34:33 PST"]
[Termination "Cruel_Yaro won by resignation"]

1. e4 c5 2. Nf3 d6 3. d4 cxd4 4.
Nxd4 Nf6 5. Nc3 g6 6. Be3 Bg7 7. f3 O-O 8. Qd2 Nc6 9. Bc4 Bd7 10. g4 Ne5 11. Be2 Rc8 12. O-O-O Qa5 13. Nb3 Qc7 14.
g5 Nh5 15. Nd5 Qd8 16. Bxa7 Bc6 17. Bb6 Qd7 18. Nc3 Ba4 19. Kb1 Nc4 20. Bxc4 Rxc4 21. Nd5 Bc6 22. Ne3 Ra4 23. Nc5 dxc5 24. Qxd7 Bxd7 25. Rxd7 Rb4 26. Bxc5 Rxb2+ 27. Kc1 Rxa2 28. Kd2 Rc8 29. Bxe7 Nf4 30. Rd8+ Rxd8+ 31. Bxd8 Ne6 32. Bf6 Bf8 33. Rb1 h6 34. h4 Ra7 35. Nd5 Ra3 36.
f4 Nc5 37. Rb4 Rh3 38. Ne7+ Kh7 39. Rc4 b6 40. Nd5 b5 41. Rd4 Rxh4 42. gxh6 Rh2+ 43. Ke3 Rh3+ 44. Kf2 Bxh6 45. Kg2 Rc3 46. Nxc3 Bxf4 47.
Nxb5 Be3 48. Rd8 g5 49. Re8 Kg6 50. Bd4 Bxd4 51. Nxd4 Nd7 52. e5 Nc5 53. e6 f5 54.
Rf8 f4 55. e7 1-0

[Event "*** Titled Tuesday 3|2 Blitz (Late)"]
[Site "Chess.com"]
[Date "2017.01.03"]
[Round "3"]
[White "Hamisandwich"]
[Black "MaestroASK"]
[Result "1/2-1/2"]
[WhiteElo "2386"]
[BlackElo "2463"]
[TimeControl "180+2"]
[EndTime "17:34:33 PST"]
[Termination "Game drawn by stalemate"]

1. a3 d6 2. e4 g6 3. d4 e5 4. dxe5 dxe5 5. Qxd8+ Kxd8 6. Bc4 f6 7.
f4 Nd7 8. Nc3 c6 9. Nf3 Bd6 10.
g3 Ke7 11. Be3 Bc7 12. Rd1 exf4 13. Bxf4 Ne5 14. Nxe5 Bxe5 15. Bxe5 fxe5 16. a4 a5 17. h3 Nf6 18. Kf2 Rf8 19. Ke3 Bd7 20. Be2 Rad8 21. Nb1 Be6 22. Na3 Rxd1 23. Bxd1 Nxe4 24. Rg1 Nf2 25. Be2 Nxh3 26. Rh1 Ng5 27. c3 Bb3 28. Rh4 h5 29. Nb1 Bd5 30. Nd2 Kd6 31. b4 axb4 32. cxb4 Ra8 33. a5 Rf8 34. Rh2 Ne6 35. g4 hxg4 36. Rh7 Rb8 37. Bxg4 c5 38. bxc5+ Nxc5 39. Rh6 Bf7 40. Bf5 Rg8 41. Ne4+ Kc6 42. Nf6 Rg7 43.
Nh5 Rg8 44. Nf6 Ra8 45. Bxg6 Bxg6 46. Rxg6 Rxa5 47. Ne4+ Kb5 48. Nd6+ Kb4 49. Nxb7 Ra3+ 50. Ke2 Nb3 51. Nd6 Kc5 52. Ne4+ Kd4 53. Rg4 Ra2+ 54. Kd1 Ke3 55. Rg3+ Kxe4 56. Rxb3 Rh2 57. Ke1 Kd4 58.
Ra3 e4 59. Rb3 Rc2 60. Kd1 Rc3 61. Rxc3 Kxc3 62. Ke2 Kd4 63. Kd2 e3+ 64. Ke2 Ke4 65.
Ke1 Kd3 66. Kd1 e2+ 67. Ke1 Ke3 1/2-1/2

[Event "*** Titled Tuesday 3|2 Blitz (Late)"]
[Site "Chess.com"]
[Date "2017.01.03"]
[Round "3"]
[White "Ez_Chess2016"]
[Black "LazarusIcarus"]
[Result "1/2-1/2"]
[WhiteElo "1983"]
[BlackElo "2121"]
[TimeControl "180+2"]
[EndTime "17:34:39 PST"]
[Termination "Game drawn - insufficient material"]

1. e4 e5 2. Nf3 Nc6 3. d4 exd4 4. Bc4 Nf6 5. e5 Ng4 6. Qe2 Qe7 7. Bf4 f6 8. exf6 Qxe2+ 9. Bxe2 Nxf6 10. Nbd2 d5 11. Bxc7 Bf5 12. Bb5 Kd7 13. Bg3 Re8+ 14. Kd1 Bg4 15. h3 Bh5 16. Nb3 a6 17. Be2 Bxf3 18. Bxf3 Bd6 19. a3 Ne4 20. Bxe4 dxe4 21. Bxd6 Kxd6 22.
Ke2 Rhf8 23. Rad1 Kd5 24. Nxd4 Nxd4+ 25. Ke3 Rf3+ 26. gxf3 exf3+ 27. Kf4 Rf8+ 28. Kg3 Ke4 29. Rxd4+ Kxd4 30. Rd1+ Ke4 31. Rd7 Rc8 32. c3 Rc6 33. Rxg7 Rb6 34. Rg4+ Kd3 35. Rb4 Rg6+ 36. Rg4 Rb6 37.
Rd4+ Kc2 38. Rh4 Kxb2 39. Rxh7 Kxa3 40. h4 Kb3 41. h5 a5 42. Kxf3 a4 43. Rh8 a3 44. Ra8 Ra6 45. Rxa6 bxa6 46. h6 a2 47. h7 a1=Q 48. h8=Q Qxc3+ 49. Qxc3+ Kxc3 50. Ke4 a5 51. f4 a4 52. f5 a3 53. f6 a2 54. f7 a1=Q 55. f8=Q Qe1+ 56. Kd5 Qd2+ 57. Kc6 Qg2+ 58. Kb6 Qg1+ 59. Qc5+ Qxc5+ 60. Kxc5 1/2-1/2

[Event "*** Titled Tuesday 3|2 Blitz (Late)"]
[Site "Chess.com"]
[Date "2017.01.03"]
[Round "3"]
[White "Frolik67"]
[Black "RobertoJBM"]
[Result "1-0"]
[WhiteElo "2315"]
[BlackElo "2448"]
[TimeControl "180+2"]
[EndTime "17:34:44 PST"]
[Termination "Frolik67 won on time"]

1. e4 c6 2. d3 d5 3. Nd2 g6 4. Ngf3 Bg7 5. g3 e5 6. Bg2 Ne7 7. O-O O-O 8. Kh1 f6 9. Nh4 g5 10. Nhf3 d4 11. Ng1 c5 12. f4 exf4 13.
gxf4 Ng6 14. Nc4 Nc6 15. fxg5 fxg5 16. Rxf8+ Bxf8 17. Qh5 Be7 18. Nf3 Nf4 19. Bxf4 gxf4 20. Rg1 Kh8 21. e5 Be6 22. Ng5 Bxg5 23. Be4 h6 24. Qg6 Qg8 25. Rxg5 Qxg6 26. Rxg6 Bxc4 27. Rxh6+ Kg7 28. Rh7+ Kg8 29. dxc4 Nxe5 30. Rxb7 Re8 31. Rxa7 Ng4 32. Bd5+ Kh8 33. Kg2 Re3 34. Rf7 Ne5 35. Rxf4 d3 36. cxd3 Nxd3 37. Re4 Rxe4 38. Bxe4 Nxb2 39.
Bd5 Kg7 40. Kf3 Kf6 41. Ke2 Ke5 42. Kd2 Na4 43. Kc2 Nb6 44. Bg8 Nd7 45. a4 Nf6 46. Bf7 Kd6 47. h4 Ng4 48. Bd5 Ne3+ 49. Kd3 Nf5 50.
h5 Kc7 51. Be4 Nh6 52. Ke3 Kd6 53. Kf4 Nf7 54. Bd5 Ne5 55. Kf5 1-0

[Event "*** Titled Tuesday 3|2 Blitz (Late)"]
[Site "Chess.com"]
[Date "2017.01.03"]
[Round "3"]
[White "Abrito99"]
[Black "Iball95"]
[Result "1-0"]
[WhiteElo "2350"]
[BlackElo "2443"]
[TimeControl "180+2"]
[EndTime "17:34:45 PST"]
[Termination "Abrito99 won by resignation"]

1. e4 c5 2. Nf3 Nc6 3. Bb5 g6 4. Bxc6 dxc6 5. d3 Bg7 6. h3 Nf6 7. O-O O-O 8. Be3 b6 9. Nc3 e5 10. Qd2 Qe7 11. a4 a5 12. Nh2 Ba6 13. f4 exf4 14. Rxf4 Rad8 15. Raf1 Nd7 16. R4f2 Ne5 17. Bg5 f6 18. Bf4 Bc8 19. Qe3 Be6 20. Bxe5 fxe5 21.
b3 Qh4 22. Nf3 Qg3 23. Ne2 Rxf3 24. Rxf3 Qh4 25. Qf2 Qe7 26. Nc3 Bh6 27. Nd1 Bf4 28. Rxf4 exf4 29. Qxf4 Rf8 30. Qg3 Rxf1+ 31. Kxf1 Qf6+ 32.
Ke2 Qd8 33. Qe5 Bf7 34. Ne3 h5 35. g4 Qh4 36. gxh5 Qxh3 37. hxg6 Bxg6 38. Qb8+ Kg7 39. Qf4 Bh5+ 40. Kd2 Bg6 41. Qe5+ Kg8 42. Nf5 Bxf5 43. Qxf5 Qh2+ 44. Kc3 Qg1 45. Qe6+ Kf8 46. Qf6+ Kg8 47.
Qd8+ Kf7 48. e5 Qe3 49. Qd7+ Kg6 50. Qxc6+ Kh5 51. Qe8+ Kg5 52. Qe7+ Kh5 53. Qf7+ Kg4 54. Qg6+ Kh4 55. Qe4+ Qxe4 56. dxe4 Kg5 1-0

[Event "*** Titled Tuesday 3|2 Blitz (Late)"]
[Site "Chess.com"]
[Date "2017.01.03"]
[Round "3"]
[White "SabinaFoisor"]
[Black "jcgs1030"]
[Result "0-1"]
[WhiteElo "2178"]
[BlackElo "2315"]
[TimeControl "180+2"]
[EndTime "17:35:12 PST"]
[Termination "jcgs1030 won by checkmate"]

1. d4 Nf6 2. c4 g6 3. Nc3 d5 4.
Bg5 Ne4 5. Bh4 Nxc3 6. bxc3 Bg7 7.
e3 O-O 8. cxd5 Qxd5 9. Nf3 Re8 10. Qb3 Be6 11. Qxd5 Bxd5 12. Nd2 c5 13. e4 Bc6 14. d5 Bxc3 15. dxc6 Nxc6 16. O-O-O Nb4 17. Bc4 a6 18. a3 b5 19. axb4 bxc4 20. bxc5 Rac8 21. Kc2 Bg7 22. Nb1 Rxc5 23. Rd5 Rcc8 24. Rd7 Rb8 25. Nc3 Rb3 26. Nd5 Rb2+ 27. Kc1 Reb8 28. Nxe7+ Kf8 29. Nc6 Rb1+ 30. Kd2 R8b2+ 31. Ke3 Bh6+ 32. Kf3 Rxh1 33. Bf6 Rb3+ 34. Kg4 Rd3 35. Nd4 Kg8 36. Rd8+ Bf8 37. Be7 h5+ 38.
Kf4 Rxd4 39. Rxd4 Bxe7 40. Rxc4 Rxh2 41. Kg3 Rh1 42. Ra4 Re1 43. f3 h4+ 44. Kg4 Re2 45.
Kh3 f5 46. exf5 gxf5 47. Rxa6 Re1 48. Kh2 Kf7 49. Rh6 Bg5 50. Rh7+ Kg6 51. Rb7 Bf4+ 52. g3 Bxg3+ 53. Kg2 Re2+ 54. Kg1 Kg5 55.
Rb4 h3 56. Rb1 Bf4 57. Rf1 Be3+ 58. Kh1 Kf4 59. Rd1 Bd2 60. Rf1 Re1 61. Rxe1 Bxe1 62. Kh2 Kxf3 63. Kxh3 f4 64. Kh2 Kf2 65. Kh1 f3 66.
Kh2 Kf1 67. Kh1 Bc3 68. Kh2 Ke2 69. Kg1 f2+ 70. Kg2 f1=Q+ 71. Kh2 Be5# 0-1

[Event "*** Titled Tuesday 3|2 Blitz (Late)"]
[Site "Chess.com"]
[Date "2017.01.03"]
[Round "3"]
[White "jk13"]
[Black "bugsbunny444"]
[Result "1/2-1/2"]
[WhiteElo "2532"]
[BlackElo "2338"]
[TimeControl "180+2"]
[EndTime "17:35:25 PST"]
[Termination "Game drawn by repetition"]

1. e4 e6 2. d4 d5 3. Nd2 h6 4. Ngf3 Nf6 5. e5 Nfd7 6. Bd3 c5 7.
c3 Nc6 8. O-O g5 9. dxc5 Bxc5 10.
Nb3 Bf8 11. Re1 Bg7 12. Bb5 Qc7 13. Qe2 a6 14. Bxc6 bxc6 15. h3 a5 16. a4 Ba6 17.
Qe3 c5 18. Nbd2 Rb8 19. Nf1 Bxf1 20. Kxf1 O-O 21. Kg1 Rb3 22. h4 g4 23. Nd2 Rb6 24.
Qg3 Nxe5 25. Nf1 f6 26. h5 Qf7 27. Qh4 f5 28. Bxh6 Nd3 29. Bxg7 Kxg7 30. Re2 Qf6 31.
Qg3 Rxb2 32. Qxd3 Rxe2 33. Qxe2 Qxc3 34. Re1 Rf6 35. Rb1 Kh6 36. Rb6 Kxh5 37. Rxe6 Rxe6 38.
Qxe6 Qd3 39. Ng3+ Kg5 40. Qe7+ Kg6 41. Qd6+ Kg5 42. Qe7+ Kg6 43. Qxc5 Qd1+ 44. Kh2 Qxa4 45. Qxd5 Qf4 46. Qg8+ Kh6 47. Qf8+ Kg6 48. Qe8+ Kf6 49. Qd8+ Kg6 50. Qb6+ Kg7 51. Kg1 Qc1+ 52. Nf1 Qc3 53. Ne3 Qe1+ 54. Kh2 Qxf2 55. Qc7+ Kg6 56. Qd6+ Kg7 57.
Qe5+ Kg6 58. Qe6+ Kg5 59. Qg8+ Kh6 60. Qf8+ Kg6 61. Qe8+ Kg5 62. Qe7+ Kg6 63. Qd6+ Kg5 64. Nd5 Qh4+ 65. Kg1 Qe1+ 66. Kh2 Qh4+ 67. Kg1 Qe1+ 68. Kh2 Qh4+ 69. Kg1 Qe1+ 70. Kh2 Qh4+ 71. Kg1 Qe1+ 72. Kh2 Qh4+ 1/2-1/2

[Event "*** Titled Tuesday 3|2 Blitz (Late)"]
[Site "Chess.com"]
[Date "2017.01.03"]
[Round "3"]
[White "dretch"]
[Black "Houdinovic"]
[Result "0-1"]
[WhiteElo "2576"]
[BlackElo "2350"]
[TimeControl "180+2"]
[EndTime "17:35:29 PST"]
[Termination "Houdinovic won on time"]

1. d4 e6 2. c4 Bb4+ 3. Nd2 d5 4.
a3 Bxd2+ 5. Qxd2 Nf6 6. e3 b6 7. Nf3 O-O 8. b3 Bb7 9. Bb2 Nbd7 10. Bd3 Re8 11. Ne5 dxc4 12. Nxc4 Bxg2 13. Rg1 Bf3 14. Rg3 Bh5 15. e4 Bg6 16. f3 c5 17. Rd1 cxd4 18.
Bxd4 e5 19. Bb2 Nh5 20. Rg4 Qe7 21.
Bc2 Rad8 22. Qd6 f6 23. Qc7 Nf8 24. Qc6 Rxd1+ 25. Kxd1 Rd8+ 26. Kc1 Nf4 27. Kb1 N8e6 28. Rg1 Be8 29. Nxe5 Bxc6 30. Nxc6 Qc7 31. Nxd8 Qxd8 32. Rd1 Qc7 33. b4 h5 34. Bb3 Kh7 35. Ka2 a5 36. bxa5 bxa5 37. Rd2 Qc6 38. Rc2 Qb5 39. Bc4 Qg5 40. Bb3 h4 41. Rc6 Nf8 42. Rc2 h3 43.
Bc1 N8g6 44. Bf7 Ne5 45. Bb3 Ned3 46. Be3 Qe5 47. Bc4 a4 48. Rd2 Qc3 49. Bf7 Nc1+ 50. Kb1 Qxe3 51. Kxc1 Qxf3 52. Ba2 Qxa3+ 53. Kd1 Qf3+ 54.
Kc1 a3 55. Bb1 Qf1+ 56. Kc2 Qc4+ 57. Kd1 Qf1+ 58. Kc2 Kh6 59. Rd1 Qg2+ 60. Kb3 Qb2+ 61. Kc4 a2 62. Bxa2 Qc2+ 63. Kb5 Qxd1 0-1

[Event "*** Titled Tuesday 3|2 Blitz (Late)"]
[Site "Chess.com"]
[Date "2017.01.03"]
[Round "3"]
[White "nonscitis"]
[Black "DuleMudule"]
[Result "1-0"]
[WhiteElo "2338"]
[BlackElo "2507"]
[TimeControl "180+2"]
[EndTime "17:35:38 PST"]
[Termination "nonscitis won by checkmate"]

1. e4 c5 2. Nf3 Nc6 3. Bb5 e6 4.
Bxc6 bxc6 5. O-O Ne7 6. b3 Ng6 7. Bb2 f6 8. e5 Be7 9. Na3 O-O 10. Nc4 Ba6 11. d3 fxe5 12. Nfxe5 Nxe5 13. Nxe5 Bf6 14. Qe2 Bb7 15. Rab1 d6 16. Nf3 e5 17. Rfe1 Bc8 18.
Nd2 Be6 19. Ne4 Be7 20. Ng3 Qd7 21. Ne4 Rf7 22. f3 Raf8 23. Bc1 Rf5 24. Ng3 R5f7 25.
Ne4 h6 26. Be3 Bf5 27. Rbd1 g5 28. Qd2 Rg7 29. h3 Rgf7 30. Rf1 Qe6 31. Qe2 Qg6 32. Rde1 Be6 33. g4 h5 34. Ng3 h4 35. Ne4 Rf4 36. Bxf4 Rxf4 37. Kg2 Bd5 38. c4 Bf7 39. a3 a5 40. Qd2 Kg7 41. Qxa5 Qe6 42. Qc3 Bg6 43. Nxc5 dxc5 44. Rxe5 Bf6 45. Rxe6 Bxc3 46. Rxc6 Bd4 47. Re1 Bf6 48. Re3 Bf7 49. Rc7 Bd4 50. Re4 Rf6 51. Ree7 Kg6 52. b4 cxb4 53. axb4 Bb6 54. Rcd7 Rf4 55. c5 Rxb4 56. cxb6 Rb2+ 57. Kf1 Rb1+ 58. Kf2 Rb2+ 59. Ke3 Ba2 60. b7 Kf6 61. Rh7 Be6 62. Rd6 Ke5 63. Ra6 Bd5 64. Re7+ Be6 65. Rexe6+ Kd5 66.
Reb6 Rb4 67. Rxb4 Kc5 68. Rb1 Kd5 69. Rb5# 1-0

[Event "*** Titled Tuesday 3|2 Blitz (Late)"]
[Site "Chess.com"]
[Date "2017.01.03"]
[Round "3"]
[White "Divertissement"]
[Black "AndrBaryshpolets"]
[Result "0-1"]
[WhiteElo "2435"]
[BlackElo "2469"]
[TimeControl "180+2"]
[EndTime "17:36:03 PST"]
[Termination "AndrBaryshpolets won on time"]

1. c4 e6 2. Nc3 d5 3. d4 Be7 4. Nf3 Nf6 5. Bf4 O-O 6. e3 Nbd7 7.
c5 Nh5 8. Bd3 Nxf4 9. exf4 b6 10. b4 a5 11. a3 c6 12. O-O Qc7 13. g3 Ba6 14. Re1 Bxd3 15. Qxd3 Bf6 16. Ne5 Bxe5 17. fxe5 Ra7 18. Qc2 Rfa8 19. Qb2 axb4 20. axb4 Qb7 21. Rxa7 Qxa7 22. b5 Qc7 23. bxc6 Qxc6 24. cxb6 Nxb6 25.
Rb1 h6 26. Qxb6 Qxc3 27. Qb4 Qc2 28. Qb2 Qxb2 29. Rxb2 Ra1+ 30. Kg2 Rd1 31. Rb4 g5 32. g4 Kg7 33. h3 Kg6 34. Kg3 h5 35. gxh5+ Kxh5 36.
Kg2 Rd3 37. Rb7 Kg6 38. Rb4 Kf5 39. f3 Kf4 40. Rb7 Rd2+ 41. Kf1 Rxd4 42. Rxf7+ Kxe5 43. Kf2 Rf4 44. Rg7 Kf6 45. Rg8 Ra4 46. Rf8+ Kg7 47. Re8 Kf7 48. Rb8 Kf6 49. Rf8+ Ke5 50. Kg3 Rf4 51.
Rg8 Kf6 52. Rf8+ Ke5 53. Rg8 Rf5 54. Rd8 Rf7 55. Rg8 Kf6 56. Rd8 Rh7 57. Kg4 Rh4+ 58. Kg3 d4 59. Rd7 Rf4 60. Rd8 e5 61. Rf8+ Ke7 62.
Ra8 d3 63. Ra7+ Kf6 64. Kf2 d2 65. Ra1 Rd4 66. Ke2 Kf5 67. Kd1 Kf4 68. Ra5 Rd3 69. Ra4+ Kxf3 70. Rg4 e4 71. Rxg5 e3 72. Re5 Rc3 73.
Rf5+ Ke4 0-1

[Event "*** Titled Tuesday 3|2 Blitz (Late)"]
[Site "Chess.com"]
[Date "2017.01.03"]
[Round "3"]
[White "macko06"]
[Black "MateusViageiro"]
[Result "1-0"]
[WhiteElo "2288"]
[BlackElo "2311"]
[TimeControl "180+2"]
[EndTime "17:36:18 PST"]
[Termination "macko06 won by checkmate"]

1. d4 Nf6 2. Bf4 e6 3. e3 d5 4.
Nf3 c5 5. Nc3 Bd6 6. Bb5+ Nc6 7.
O-O Bxf4 8. exf4 cxd4 9. Bxc6+ bxc6 10. Qxd4 O-O 11. Ne5 Qc7 12. Na4 Rb8 13. Nc5 a5 14. b3 Rb5 15. Rad1 Rb4 16. c4 Qd6 17. Rfe1 Rd8 18.
Ncd3 Rb8 19. Qc5 Bb7 20. Qxa5 Ra8 21. Qb6 Rdb8 22. a4 Ne4 23. cxd5 exd5 24. f3 Nc3 25. Rc1 d4 26. Qc5 Qd8 27. Nxc6 Bxc6 28. Qxc6 Rc8 29. Qb7 Rab8 30. Qe7 Rxb3 31. Qxd8+ Rxd8 32. a5 Ra8 33. Ra1 Nd5 34. Re5 Ne3 35. Ne1 Nc4 36. Rd5 f6 37. a6 Nb6 38. Rxd4 Rb5 39. Nd3 Nd5 40. a7 Kf7 41. Rc4 Ke6 42. Rc6+ Kd7 43. Rc5 Rxc5 44. Nxc5+ Kc6 45. Ne6 g6 46. f5 gxf5 47. Nd4+ Kb7 48.
Nxf5 Rxa7 49. Rxa7+ Kxa7 50. Kf2 Kb6 51. Ne3 Ne7 52. Ng4 f5 53. Nf6 h6 54. Ke3 Kc6 55.
Kf4 Kd6 56. Ne8+ Ke6 57. Nc7+ Kf6 58. Nb5 Nd5+ 59. Kg3 Kg5 60. Nd4 f4+ 61. Kf2 h5 62. Ne2 h4 63. Ng1 Ne3 64. Nh3+ Kf5 65. g3 hxg3+ 66. hxg3 Nd1+ 67. Ke1 fxg3 68. Kxd1 g2 69. Ke2 g1=Q 70. Nxg1 Kf4 71. Kf2 Kf5 72. Ke3 Ke5 73.
f4+ Kf5 74. Kf3 Kf6 75. Ke4 Ke6 76. f5+ Kf6 77. Kf4 Kf7 78. Ke5 Ke7 79. f6+ Kf7 80. Kf5 Kf8 81. Ke6 Ke8 82. f7+ Kf8 83. Nf3 Kg7 84. Ke7 Kg6 85. f8=Q Kh5 86. Qf5+ Kh6 87. Qg5+ Kh7 88. Kf7 Kh8 89. Qh5# 1-0

[Event "*** Titled Tuesday 3|2 Blitz (Late)"]
[Site "Chess.com"]
[Date "2017.01.03"]
[Round "3"]
[White "Buffy7"]
[Black "penguingm1"]
[Result "0-1"]
[WhiteElo "2499"]
[BlackElo "2689"]
[TimeControl "180+2"]
[EndTime "17:36:56 PST"]
[Termination "penguingm1 won by resignation"]

1. Nf3 d5 2. g3 e6 3. Bg2 Nf6 4.
O-O Be7 5. d4 O-O 6. c4 dxc4 7.
Ne5 Nc6 8. Nxc6 bxc6 9. Na3 Bxa3 10. bxa3 Ba6 11. Qa4 Bb5 12. Qa5 c3 13. Re1 Qxd4 14. Be3 Qa4 15. Qxc3 Nd5 16. Bxd5 exd5 17. Bd4 f6 18. e4 Qc4 19. Rac1 Qxc3 20. Rxc3 Rfe8 21. f3 a5 22. Kf2 Bc4 23. a4 Rab8 24. Ke3 Rb4 25.
a3 Rxa4 26. Kf4 Kf7 27. h4 Bb5 28. Rd1 h6 29. h5 Rd8 30. g4 dxe4 31. Kxe4 Bc4 32.
Ke3 Bd5 33. Bc5 Re8+ 34. Kf2 g6 35. hxg6+ Kxg6 36. Be3 h5 37. gxh5+ Kxh5 38. Rg1 Rh4 39. Rg2 Rh3 40. Bd4 Re6 41. Rc5 a4 42. Rc3 Kh6 43. Rg3 Rh2+ 44. Rg2 Rh1 45. Rg1 Rh5 46.
Rg2 Kh7 47. Kg3 Kg6 48. Kf4+ Kf7 49. Rg4 Re2 50. Re3 Rxe3 51. Kxe3 Ke6 52. Rg6 Rf5 53. f4 Kf7 54. Rh6 Kg7 55. Rh2 Bc4 56. Rc2 Bb5 57. Rc5 Rd5 58. Rxd5 cxd5 59. Ba7 Kg6 60. Kd4 c6 61. Bb8 Kf5 62. Bd6 Ke6 63. Bb8 Bc4 64. Bc7 Kf5 65. Bb8 Bb3 66. Bd6 Kg4 67. Bb8 Kf3 68.
Bd6 f5 69. Kd3 Bc4+ 70. Kd4 Ke2 71. Bb4 Bd3 72. Bd6 Kd2 73. Bb4+ Kc2 74. Bd6 Be4 75. Bb4 Kd1 76. Ke3 Bc2 77. Bc5 Ke1 78. Bb4+ Kf1 79.
Bc5 Kg2 80. Bd6 Kg3 81. Kd4 Kf3 82. Be5 Bb3 83. Bd6 Ba2 84. Be5 c5+ 85. Kxc5 Ke3 86. Kb4 d4 87. Kxa4 d3 88. Bc3 d2 89. Bxd2+ Kxd2 90. Kb4 Ke3 91. Kc5 Kxf4 92. a4 Bb1 93. a5 Be4 94. a6 Ke3 95. a7 f4 96. a8=Q Bxa8 0-1

[Event "*** Titled Tuesday 3|2 Blitz (Late)"]
[Site "Chess.com"]
[Date "2017.01.03"]
[Round "3"]
[White "flubs"]
[Black "fastestmindalive"]
[Result "0-1"]
[WhiteElo "2240"]
[BlackElo "2425"]
[TimeControl "180+2"]
[EndTime "17:37:13 PST"]
[Termination "fastestmindalive won by resignation"]

1. d4 Nf6 2. c4 e5 3. dxe5 Ng4 4.
Bf4 Nc6 5. Nf3 Bb4+ 6. Nbd2 Qe7 7. e3 Ngxe5 8. Nxe5 Nxe5 9. Be2 d6 10. O-O a5 11. Nf3 O-O 12. a3 Bc5 13. Qd2 a4 14.
Nd4 Ng6 15. Bg3 f5 16. Bf3 Kh8 17. Rfe1 Qf6 18. Rad1 Ne5 19. Be2 Be6 20. Qc3 Bg8 21. Nb5 Rac8 22. Rd2 Nc6 23. Red1 Qxc3 24. Nxc3 Ra8 25.
Nd5 Bxd5 26. Rxd5 Ne7 27. R5d2 Ra6 28. Bh5 g6 29. Bf3 Rb6 30. Rc2 Kg7 31. h3 Ra8 32.
Kf1 Kf8 33. Bf4 Ng8 34. Ke2 Nf6 35. g4 Kf7 36. Bg3 Ne4 37. Bh2 Rb3 38. Bg2 Re8 39.
Rd3 Nxf2 40. Rxb3 axb3 41. Rc3 Ne4 42. Rxb3 fxg4 43. hxg4 Bb6 44. Rd3 Nc5 45. Rc3 Na4 46. Rb3 Nc5 47. Rc3 Ne4 48. Rd3 Kf6 49. b4 Kg5 50.
Bf3 Kh4 51. Bf4 Ng3+ 52. Kf2 Ne4+ 53. Kg2 g5 54. Bh2 h5 55. gxh5 g4 56. Be2 Kxh5 57.
Rd5+ Kg6 58. Bxg4 Nf6 59. Bf3 Nxd5 60. Bxd5 c6 61. Bf3 Rxe3 62. Bxd6 Rxa3 63. b5 Ra2+ 64. Kg3 cxb5 65. cxb5 Bf2+ 66. Kg4 b6 67. Bc6 Kf6 68. Bc7 Bc5 69. Kf3 Ke6 70. Ke4 Ra4+ 71.
Kd3 Rd4+ 72. Kc3 Rh4 73. Kd3 Rd4+ 74. Kc3 Rd1 75. Kc2 Ra1 76. Kb2 Ra7 77. Bg3 Bd4+ 78. Kb3 Bc5 79. Kb2 Rg7 80. Bf4 Bd6 81. Be3 Bc5 82. Bf4 Kf5 83. Bb8 Bd4+ 84. Kc2 Be5 85. Bxe5 Kxe5 86. Kb3 Kd4 87. Kb4 Rg1 88. Kb3 Rg3+ 89.
Kb4 Rc3 90. Bd7 Rc4+ 91. Kb3 Rc3+ 92. Kb4 Rc1 93. Bc6 Rb1+ 94. Ka3 Kc3 95. Ka2 Rb4 96. Bd7 Ra4+ 97. Kb1 Rd4 98. Ka2 Rxd7 0-1

[Event "*** Titled Tuesday 3|2 Blitz (Late)"]
[Site "Chess.com"]
[Date "2017.01.03"]
[Round "4"]
[White "Cruel_Yaro"]
[Black "iturrizaga"]
[Result "1/2-1/2"]
[WhiteElo "2597"]
[BlackElo "2688"]
[TimeControl "180+2"]
[EndTime "17:38:41 PST"]
[Termination "Game drawn by agreement"]

1. e4 c5 2. Nf3 Nc6 3. Nc3 g6 4. d4 cxd4 5. Nxd4 Bg7 6. Be3 Nf6 7.
Bc4 O-O 8. Bb3 a5 9. O-O Nxd4 10.
Bxd4 d6 11. Re1 Bd7 12. e5 dxe5 13. Bxe5 Bc6 14. Qxd8 Rfxd8 15. Rad1 1/2-1/2

[Event "*** Titled Tuesday 3|2 Blitz (Late)"]
[Site "Chess.com"]
[Date "2017.01.03"]
[Round "4"]
[White "MFBerna"]
[Black "PelinGorki"]
[Result "0-1"]
[WhiteElo "2210"]
[BlackElo "2415"]
[TimeControl "180+2"]
[EndTime "17:39:39 PST"]
[Termination "PelinGorki won by resignation"]

1. e4 d6 2. d4 Nf6 3. Nc3 c6 4.
Nf3 Bg4 5. Be3 e6 6. Be2 d5 7.
e5 Nfd7 8. Qd2 Be7 9. O-O-O a6 10. h3 Bxf3 11. Bxf3 c5 12. Bg4 Nc6 13. f4 cxd4 14.
Bxd4 Nxd4 15. Qxd4 Bc5 16. Rd2 Bxd4 0-1

[Event "*** Titled Tuesday 3|2 Blitz (Late)"]
[Site "Chess.com"]
[Date "2017.01.03"]
[Round "4"]
[White "Assasin14"]
[Black "pKiLz5Rn9b"]
[Result "0-1"]
[WhiteElo "2230"]
[BlackElo "2467"]
[TimeControl "180+2"]
[EndTime "17:40:38 PST"]
[Termination "pKiLz5Rn9b won by resignation"]

1. d4 e6 2. e4 d5 3. Nd2 dxe4 4.
Nxe4 Nd7 5. Nf3 Ngf6 6. Bd3 c5 7. O-O Nxe4 8. Bxe4 Nf6 9. Bg5 cxd4 10. Bxf6 gxf6 11. Nxd4 f5 12. Bd3 Bg7 13. Nb5 a6 14. Nd6+ Qxd6 15. Qh5 Bd7 16. Qg5 O-O 17. Rfe1 Kh8 18. Re3 e5 19. Rh3 Qg6 20. Qd2 e4 21. Bc4 Be6 22.
Be2 f4 23. Qxf4 0-1

[Event "*** Titled Tuesday 3|2 Blitz (Late)"]
[Site "Chess.com"]
[Date "2017.01.03"]
[Round "4"]
[White "gmcorrales"]
[Black "Tonychess32"]
[Result "1-0"]
[WhiteElo "2547"]
[BlackElo "2408"]
[TimeControl "180+2"]
[EndTime "17:41:08 PST"]
[Termination "gmcorrales won by checkmate"]

1. d4 d5 2. c4 e6 3. Nc3 c6 4. Nf3 Nf6 5. Bg5 Be7 6. e3 Ne4 7.
Bxe7 Kxe7 8. Bd3 Nxc3 9. bxc3 h6 10. O-O Re8 11. Ne5 Nd7 12. f4 Kf8 13. Qh5 Qf6 14.
Rf3 dxc4 15. Bxc4 c5 16. Raf1 cxd4 17. cxd4 Nb6 18. Bd3 Nd5 19. f5 exf5 20. Bxf5 Rxe5 21. dxe5 Qxe5 22. Bg6 f5 23. Rxf5+ Bxf5 24. Rxf5+ Nf6 25. Rxe5 Nxh5 26. Bxh5 Rd8 27. h3 Rd2 28. Re8# 1-0

[Event "*** Titled Tuesday 3|2 Blitz (Late)"]
[Site "Chess.com"]
[Date "2017.01.03"]
[Round "4"]
[White "Mornar1951"]
[Black "Rating-Schmating"]
[Result "1-0"]
[WhiteElo "2575"]
[BlackElo "2279"]
[TimeControl "180+2"]
[EndTime "17:41:26 PST"]
[Termination "Mornar1951 won by resignation"]

1. Nf3 Nf6 2. c4 c5 3. Nc3 e6 4. e4 d6 5. d4 cxd4 6. Nxd4 a6 7.
Be2 b6 8. Be3 Bb7 9. f3 Nbd7 10.
O-O Be7 11. Qd2 O-O 12. Rac1 Qc7 13. Rfd1 Rad8 14. b4 Qb8 15. a3 Rfe8 16. Nb3 Rc8 17. Kh1 Ba8 18. Na4 b5 19. cxb5 axb5 20. Nc3 Bc6 21. Nd4 Ne5 22. Nxc6 Nxc6 23. Nxb5 Red8 24. Nd4 Nxd4 25. Bxd4 d5 26. e5 Nd7 27. Qe3 Rxc1 28. Rxc1 Rc8 29. Rxc8+ Qxc8 30. Qc3 Qb7 31. b5 h6 32. Qc6 Nc5 33. Bxc5 Qxc6 34. bxc6 Bxc5 35. c7 1-0

[Event "*** Titled Tuesday 3|2 Blitz (Late)"]
[Site "Chess.com"]
[Date "2017.01.03"]
[Round "4"]
[White "nickmatta"]
[Black "pedromartinez91"]
[Result "0-1"]
[WhiteElo "2335"]
[BlackElo "2303"]
[TimeControl "180+2"]
[EndTime "17:42:02 PST"]
[Termination "pedromartinez91 won by resignation"]

1. d4 d5 2. c4 dxc4 3. Nf3 Nf6 4. e3 e6 5. Bxc4 c5 6. O-O Nc6 7. Nc3 Be7 8. Qe2 cxd4 9. Rd1 O-O 10. exd4 Na5 11.
Bd3 b6 12. b3 Bb7 13. Bb2 Nc6 14. Ne4 Nb4 15. Nxf6+ Bxf6 16. Bb1 Rc8 17. a3 Nd5 18.
Ne5 g6 19. Qf3 Nc3 20. Qxb7 Nxd1 21. Bxg6 hxg6 22. Rxd1 Bxe5 0-1

[Event "*** Titled Tuesday 3|2 Blitz (Late)"]
[Site "Chess.com"]
[Date "2017.01.03"]
[Round "4"]
[White "Frolik67"]
[Black "AungTZ"]
[Result "1-0"]
[WhiteElo "2321"]
[BlackElo "2131"]
[TimeControl "180+2"]
[EndTime "17:42:08 PST"]
[Termination "Frolik67 won by resignation"]

1. e4 c5 2. Nf3 Nc6 3. d4 cxd4 4.
Nxd4 Nf6 5. f3 d6 6. c4 g6 7.
Nc3 Bg7 8. Be3 a6 9. Be2 O-O 10. Qd2 Nxd4 11. Bxd4 Be6 12. b3 Rc8 13. O-O Re8 14. Rac1 Qa5 15. Rfd1 Qh5 16. Nd5 Bxd5 17. cxd5 Bh6 18. Be3 Bxe3+ 19. Qxe3 Qe5 20. Rc4 Nd7 21.
Rdc1 Rxc4 22. Rxc4 Qa1+ 23. Kf2 Qxa2 24. Rc7 Nc5 25. b4 Na4 26. Rxb7 Nc3 27. Qxc3 1-0